 Dungeon Sprint DCSS version 0.31-a0-75-g6fe912e8c5 (webtiles) character file.

Game seed: 6507070707178157847

19 sircluck the Ruffian (level 2, -3/46 HPs)
             Began as a Troll Berserker on May 23, 2023.
             Was a Follower of Trog.
             Slain by a yak (9 damage)
             ... in the Dungeon (Sprint VII: "The Pits").
             The game lasted 00:00:28 (56 turns).

sircluck the Ruffian (Troll Berserker)                Turns: 56, Time: 00:00:29

Health: -3/46      AC:  4    Str: 24    XL:     2   Next: 55%
Magic:  1/1        EV: 10    Int:  3    God:    Trog [*.....]
Gold:   0          SH:  0    Dex:  9    Spells: 1/1 levels left

rFire   . .          .
                       - Unarmed
rCold   . . .        (no shield)
rNeg    . . .        a - +0 animal skin
rPois   .            (helmet restricted)
rElec   .            (no cloak)
rCorr   .            (gloves unavailable)
SInv    .            (boots unavailable)
Will    .....        (no amulet) Stlth
                     (no ring)
HPRegen 1.07/turn    (no ring)
MPRegen 0.07/turn

%: no teleportation
@: berserking, weakened, very quick
A: large, unfitting armour, claws 3, regeneration 1, shaggy fur 1, tough skin 1
a: Renounce Religion, Berserk


You were in the Dungeon.
You worshipped Trog.
Trog was aware of your devotion.
You visited 1 branch

Inventory:

Armour
 a - a +0 animal skin (worn)
Scrolls
 g - a scroll of blinking
Potions
 b - a potion of curing
 c - a potion of heal wounds
 d - a potion of haste
 e - 2 potions of magic
 f - a potion of berserk rage


   Skills:
 + Level 3.4 Fighting
 + Level 3.4 Dodging
 + Level 4.2 Unarmed Combat


You had one spell level left.
You didn't know any spells.
Your spell library was empty.

Dungeon Overview and Level Annotations

Branches:
Dungeon (1/1)

Altars:


Innate Abilities, Weirdness & Mutations

You are too large for most types of armour.
You have claws for hands.
Your natural rate of healing is unusually fast.
You are covered in fur. (AC +1)
You have tough skin. (AC +1)


Message History

The gnoll closely misses you.
Okay, then.
You scratch the gnoll bouda but do no damage.
The gnoll bouda hits you with a +0 whip.
A yak comes into view.
You closely miss the gnoll bouda. The gnoll hits you with a +0 whip!
The gnoll bouda hits you with a +0 whip!
Unknown command.
A red film seems to cover your vision as you go berserk!
You feel yourself moving faster!
You feel mighty!
The yak bellows!
The gnoll hits you with a +0 whip.
You mangle the gnoll!!
You kill the gnoll!
Trog accepts your kill.
Your Unarmed Combat skill increases to level 4!
Unknown command.
Unknown command.
You claw the cyclops!
The cyclops is moderately wounded.
A yak comes into view.
The gnoll bouda gazes fiercely through you!
You feel your attacks grow feeble.
The yak bellows!
You scratch the cyclops.
The cyclops is heavily wounded.
The gnoll bouda barks out a call to the hunt!
The gnoll picks up the pace!
The yak gores you!
* * * LOW HITPOINT WARNING * * *
A deep troll comes into view.
The deep troll shouts!
You scratch the cyclops.
The cyclops is heavily wounded.
You hear an angry hiss.
The cyclops barely misses you.
You scratch the cyclops but do no damage.
The cyclops is heavily wounded.
The yak gores you!
You die...

#................+
+................+
#......#..#......#
#.....)..........#
####'#####''######
#.......##''#
#.......##..##
#.......##...##
#...<...###.@.#
#.......#
##CY......
#.......#
Yg###+###
#.......# YY##
##########Y. #.Y
##T ##


You could see a deep troll, a cyclops, 6 yaks and a gnoll bouda.

Vanquished Creatures
  2 gnolls (D)
2 creatures vanquished.

Notes
Turn   | Place    | Note
-------+----------+-------------------------------------------
     0 | D        | sircluck the Troll Berserker began the quest for the Orb.
     0 | D        | Reached XP level 1. HP: 22/22 MP: 0/0
    25 | D        | Reached XP level 2. HP: 21/31 MP: 1/1
    44 | D        | Noticed a cyclops
    44 | D        | Noticed a yak
    44 | D        | Noticed a yak
    44 | D        | Noticed a yak
    45 | D        | Noticed a yak
    49 | D        | Noticed a yak
    53 | D        | Reached skill level 4 in Unarmed Combat
    53 | D        | Noticed a yak
    54 | D        | Noticed a deep troll
    56 | D        | Slain by a yak

Illustrated notes

Levels and vault maps discovered:
D:        pitsprint [storerooms_1, entrance_room_1, metal_vault_5, armoury_1,
          mini_pit_1, grid_room_1, main_hall_1, silver_pit, the_coven_3,
          the_vestibule_1, steel_vault_5, golden_pit, hallway_of_sentries,
          crystal_vault_1, iron_vault_1, final_vault]

Skill      XL: |  1  2 |
---------------+-------+-----
Fighting       | 3 |  3.4
Dodging        | 3 |  3.4
Unarmed Combat | 4 |  4.2

Action                     || total
---------------------------++-------
  Melee: Unarmed           ||    15
 Invoke: Berserk           ||     1
  Dodge: Dodged            ||     3

Table legend: (Time is in decaauts)
 A = Elapsed time spent in this place.
 B = Non-inter-level travel time spent in this place.
 C = Inter-level travel time spent in this place.
 D = Time resting spent in this place.
 E = Time spent auto-exploring this place.
 F = Levels seen in this place.
 G = Mean time per level.
                   A        B        C        D        E       F      G
               +--------+--------+--------+--------+--------+-----+--------+
         Total |     53 |     53 |      0 |      8 |     11 |   1 |   53.0 |
       Dungeon |     53 |     53 |      0 |      8 |     11 |   1 |   53.0 |
               +--------+--------+--------+--------+--------+-----+--------+

Top non-repeatable levels by time:
       D: 53 daAuts
